 Dungeon Crawl Stone Soup version 0.29-a0-284-gf9362112df (webtiles) character file.

Game seed: 12887989057920192255

251 rabbitsville the Cudgeller (level 5, -4/72 HPs)
             Began as a Minotaur Wanderer on Apr 1, 2022.
             Slain by Grinder (5 damage)
             ... on level 4 of the Dungeon.
             The game lasted 00:10:29 (3691 turns).

rabbitsville the Cudgeller (Minotaur Wanderer)      Turns: 3691, Time: 00:10:30

Health: -4/72      AC: 22    Str: 19    XL:     5   Next: 88%
Magic:  5/5        EV:  2    Int:  9    God:
Gold:   144        SH:  0    Dex:  9    Spells: 5/6 levels left

rFire   . . .      SeeInvis .   a - +0 flail
rCold   . . .      Faith    .   (no shield)
rNeg    . . .      Spirit   .   (body armour currently unavailable)
rPois   +          Reflect  .   (helmet currently unavailable)
rElec   .          Harm     .   (cloak currently unavailable)
rCorr   .          Rampage  .   (gloves currently unavailable)
Will    .....      NoTele   +   (boots currently unavailable)
Stlth   +.........              (no amulet)
HPRegen 0.22/turn               (no ring)
MPRegen 0.09/turn               (no ring)

@: mighty, tree-form (expiring)
A: stationary, stasis, torment immunity, boosted hp, (horns 2), (retaliatory
headbutt)
a: no special abilities


You were on level 4 of the Dungeon.
You were a tree.
You visited 1 branch of the dungeon, and saw 4 of its levels.

You collected 144 gold pieces.

Inventory:

Hand Weapons
 a - a +0 flail (weapon)
Armour
 b - a +0 pair of gloves (melded)
 d - a +0 scale mail
 g - a +0 chain mail (melded)
 q - the +1 robe of the Desert {rElec Dex-3 Slay+6 Archmagi}
   (You found it on level 4 of the Dungeon)

   Dex:       It affects your dexterity (-3).
   Slay:      It affects your accuracy & damage with ranged weapons and melee
   (+6).
   rElec:     It insulates you from electricity.
   Archmagi:  It increases the power of your magical spells.
Jewellery
 e - a ring of ice
Wands
 i - a wand of charming (14)
Scrolls
 c - a scroll of blinking
 h - 7 scrolls of identify {unknown}
 j - a scroll of amnesia {unknown}
 k - a scroll of enchant armour {unknown}
 l - 2 scrolls of teleportation {unknown}
Potions
 n - a potion of lignification {unknown}
 o - a potion of heal wounds {unknown}
 p - a potion of degeneration {unknown}


   Skills:
 + Level 5.0 Fighting
 + Level 7.0 Maces & Flails
 - Level 1.1 Dodging
 - Level 1.0 Spellcasting
 - Level 1.3 Summonings
 - Level 1.0 Invocations


You had 5 spell levels left.
You knew the following spells:

 Your Spells              Type           Power      Damage    Failure   Level
a - Summon Small Mammal   Summ           8%         N/A       22%         1

Your spell library contained the following spells:

 Spells                   Type           Power      Damage    Failure   Level
 Call Imp                 Summ           2%         N/A       32%         2
 Magic Dart               Conj           0%         1d3       36%         1
 Call Canine Familiar     Summ           2%         N/A       54%         3
 Confusing Touch          Hex            0%         N/A       73%         3
 Mephitic Cloud           Conj/Pois/Air  0%         N/A       73%         3
 Ozocubu's Armour         Ice            0%         N/A       73%         3
 Animate Dead             Necr           0%         N/A       98%         4
 Borgnjor's Vile Clutch   Necr/Erth      0%         N/A       100%        5
 Yara's Violent Unravell  Hex/Tmut       0%         3d3       100%        5
 Death Channel            Necr           0%         N/A       100%        6
 Enfeeble                 Hex            0%         N/A       100%        7
 Ozocubu's Refrigeration  Ice            0%         4d5       100%        7


Dungeon Overview and Level Annotations

Branches:
Dungeon (4/15)
 Temple: D:4-7

Altars:
Trog

Annotations:
D:4 Grinder


Innate Abilities, Weirdness & Mutations

You are a tree.
Your roots penetrate the ground, keeping you stationary.
You cannot be teleported.
You are immune to unholy pain and torment.
Your maximum health is greatly increased.
Your equipment is partially melded.
((You have a pair of horns on your head.))
((You reflexively headbutt those who attack you in melee.))


Message History

You bludgeon Grinder!!
Grinder is almost dead.
Grinder gestures at you.
You suddenly lose the ability to move!
Grinder hits you but does no damage. x2
You can move again.
You closely miss Grinder. Your headbutt misses Grinder.
Grinder is almost dead.
Grinder zaps a wand.
You turn into a tree.
Your +0 pair of gloves melds into your body.
Your +0 chain mail melds into your body.
Your roots penetrate the ground.
You closely miss Grinder.
Grinder is almost dead.
Grinder blinks!
You barely miss Grinder.
Grinder is almost dead.
Grinder hits you.
* * * LOW HITPOINT WARNING * * *
You writhe in agony.
* * * LOW HITPOINT WARNING * * *
You completely miss Grinder.
Grinder is almost dead.
Grinder hits you but does no damage.
You barely miss Grinder.
Grinder is almost dead.
Your transformation is almost over.
Grinder hits you but does no damage.
You closely miss Grinder.
Grinder is almost dead.
Grinder hits you.
* * * LOW HITPOINT WARNING * * *
You writhe in agony.
* * * LOW HITPOINT WARNING * * *
You closely miss Grinder.
Grinder is almost dead.
Grinder hits you.
* * * LOW HITPOINT WARNING * * *
You writhe in agony.
You die...

............###
#........$.... #...#.........
######...#)....... #
##....#...##.##.## #.
#........#.#.....# ###.#
###.<......#...#....#
#....####..#...###..(#.#.....
#..........♣..#...÷.#.......
##....)....5..#..#.##.......
#....[[.....#..............
#....[......#...#..........
#...###[##.......##...##....#
##..###.###.>....)...#.#.....
#.##.≈(≈.##..........$.. #
#..≈(≈..#....##........
#.≈≈.≈≈.##...###..##..<.


You could see Grinder.

Vanquished Creatures
  A black bear (D:4)
  An orc wizard (D:2)
  3 gnolls (D:3)
  An adder (D:3)
  A white imp (D:3)
  3 dart slugs (D:1)
  3 orcs
  8 ball pythons
  7 endoplasms
  A giant cockroach (D:3)
  9 goblins
  10 hobgoblins
  6 jackals
  3 quokkas
  5 bats
  4 frilled lizards
  10 kobolds
  4 rats
80 creatures vanquished.

Notes
Turn   | Place    | Note
-------+----------+-------------------------------------------
     0 | D:1      | rabbitsville the Minotaur Wanderer began the quest for the
                  | Orb.
     0 | D:1      | rabbitsville set off with the following items: a +0 flail,
                  | a +0 pair of gloves, a scroll of blinking, a +0 leather
                  | armour; and the following spell memorised: Summon Small
                  | Mammal; and the following spells available to memorise:
                  | Call Canine Familiar
     0 | D:1      | Reached XP level 1. HP: 16/16 MP: 1/1
    81 | D:1      | Reached skill level 5 in Maces & Flails
   177 | D:1      | Reached XP level 2. HP: 24/24 MP: 2/2
   631 | D:1      | Reached XP level 3. HP: 27/30 MP: 3/3
  1545 | D:2      | Reached XP level 4. HP: 35/38 MP: 4/4
  1846 | D:2      | Reached skill level 6 in Maces & Flails
  2363 | D:3      | Found a faded altar of an unknown god.
  2563 | D:3      | Reached XP level 5. HP: 46/46 MP: 5/5
  3146 | D:4      | Noticed a black bear
  3155 | D:4      | Killed a black bear
  3164 | D:4      | Reached skill level 5 in Fighting
  3165 | D:4      | Reached skill level 7 in Maces & Flails
  3168 | D:4      | Found a bloodstained altar of Trog.
  3205 | D:4      | Identified the +1 robe of the Desert {rElec Dex-3 Slay+6
                  | Archmagi}
  3214 | D:4      | Noticed Grinder
  3233 | D:4      | Paralysed by Grinder for 3 turns
  3257 | D:4      | Paralysed by Grinder for 3 turns
  3492 | D:4      | Paralysed by Grinder for 2 turns
  3498 | D:4      | Paralysed by Grinder for 6 turns
  3680 | D:4      | Paralysed by Grinder for 3 turns
  3691 | D:4      | HP: 1/72 [Grinder (3)]
  3691 | D:4      | Slain by Grinder

Illustrated notes

Levels and vault maps discovered:
D:1:      minmay_arrival_loop, layout_basic, wad_floor_pattern_untrapped,
          minivault_24, minmay_tromino_mix6
D:2:      layout_loops_cross
D:3:      layout_basic, hellmonk_ecumenical_altar_heavens_door
D:4:      layout_cave_pools, nemelex_dance_club_becter, trog_hazing_becter,
          uniq_grinder

Skill      XL: |  1  2  3  4  5 |
---------------+----------------+-----
Maces & Flails | 5 6 7 |  7.0
Fighting       | 2 3 4 5 |  5.0
Dodging        | |  1.1
Spellcasting   | |  1.0
Summonings     | |  1.3
Invocations    | |  1.0

Action                   |  1- 3 |  4- 6 || total
-------------------------+-------+-------++-------
Melee: Flail             |    78 |   136 ||   214
       Headbutt          |     8 |    20 ||    28
       Unarmed           |       |     9 ||     9
  Use: Potion            |       |     2 ||     2
Armor: Leather armour    |    23 |       ||    23
       Ring mail         |    12 |    25 ||    37
       Scale mail        |       |    14 ||    14
       Chain mail        |       |    46 ||    46
       Skin              |       |     4 ||     4
Dodge: Dodged            |    49 |    52 ||   101

Table legend: (Time is in decaauts)
 A = Elapsed time spent in this place.
 B = Non-inter-level travel time spent in this place.
 C = Inter-level travel time spent in this place.
 D = Time resting spent in this place.
 E = Time spent auto-exploring this place.
 F = Levels seen in this place.
 G = Mean time per level.
                   A        B        C        D        E       F      G
               +--------+--------+--------+--------+--------+-----+--------+
         Total |   3713 |   3653 |     60 |    365 |   2108 |   4 |  928.2 |
       Dungeon |   3713 |   3653 |     60 |    365 |   2108 |   4 |  928.2 |
               +--------+--------+--------+--------+--------+-----+--------+

Top non-repeatable levels by time:
     D:3: 1535 daAuts
     D:1: 1300 daAuts
     D:2: 709 daAuts
     D:4: 169 daAuts
